[Event "Fagernes Chess GM-Swiss 2024"]
[Site "Fagernes"]
[Date "2024.03.26"]
[Round "3.33"]
[White "Rynning, Rune Kleiven"]
[Black "Kistrup, Nicolai"]
[Result "0-1"]
[ECO "B52"]
[WhiteElo "1813"]
[BlackElo "2324"]
[Annotator "RC"]
[PlyCount "76"]
[EventDate "2024.03.25"]
[EventType "swiss"]
[EventCountry "NOR"]
[SourceTitle "playchess.com"]
[Source "ChessBase"]
[SourceQuality "1"]
[TimeControl "40/6000+30:2400+30"]

1. e4 c5 2. Nf3 d6 3. Bb5+ Bd7 4. Bxd7+ Qxd7 5. O-O Nc6 6. c3 Nf6 7. Re1 e6 8. d4 cxd4 9. cxd4 d5 10. e5 Ne4 11. Nbd2 Nxd2 12. Bxd2 Bb4 13. Bxb4 Nxb4 14. a3 Nc6 15. Rc1 a5 16. Rc3 a4 17. Rd3 Na5 18. Ng5 h6 19. Nh3 Nc4 20. Qg4 g6 21. b3 Nxa3 22. Ra1 Nc2 23. Rxa4 Rxa4 24. bxa4 Qxa4 25. Qd1 O-O 26. Qg4 Rc8 27. g3 Rc4 28. Nf4 Rxd4 29. Rxd4 Qxd4 30. Qh4 Qa1+ 31. Kg2 Ne1+ 32. Kh3 Qxe5 33. Qxh6 Qf5+ 34. g4 Qe4 35. Qg5 Qf3+ 36. Kh4 Qxf2+ 37. Kh3 Qe3+ 38. Kh4 Nf3+ 0-1

[Event "Fagernes Chess GM-Swiss 2024"]
[Site "Fagernes"]
[Date "2024.03.26"]
[Round "3.34"]
[White "Prraneeth Vuppala"]
[Black "Mihajlov, Svetoslav"]
[Result "1-0"]
[ECO "A36"]
[WhiteElo "2506"]
[BlackElo "2094"]
[Annotator "TA"]
[PlyCount "61"]
[EventDate "2024.03.25"]
[EventType "swiss"]
[EventCountry "NOR"]
[SourceTitle "playchess.com"]
[Source "ChessBase"]
[SourceQuality "1"]
[TimeControl "40/6000+30:2400+30"]

1. c4 c5 2. Nc3 Nc6 3. g3 g6 4. Bg2 Bg7 5. d3 d6 6. e3 e5 7. Nge2 Nge7 8. b3 O-O 9. Bb2 a6 10. O-O Rb8 11. Rc1 b5 12. Qd2 Be6 13. Nd5 {[%emt 0:02:03] The position is equal.} Bd7 14. Rfd1 Nf5 15. cxb5 axb5 16. b4 Nxb4 17. Nxb4 cxb4 18. Qxb4 Be6 19. Nc3 Ne7 20. d4 ({Don't play} 20. Nxb5 Nd5 21. Bxd5 (21. Qxd6 $2 {too greedy.} Rxb5 22. Ba3 Qa5 $19) 21... Bxd5 $15) 20... exd4 21. exd4 Bc4 $1 22. d5 Nc8 (22... Ra8 $11 {remains equal.}) 23. a4 $16 Na7 24. a5 $36 {[%emt 0:04:33][%mdl 2048] White is on the roll.} Nc8 25. Ne4 f5 (25... Bxb2 $142 26. Qxb2 f5) 26. Bxg7 $18 Kxg7 27. Nd2 Ra8 28. Nf3 {[%emt 0:01:20] [#] And now Nd4 would win.} Qxa5 $2 (28... Kh8 {was necessary.} 29. Qb2+ Qf6) 29. Qb2+ Kg8 30. Ra1 Ba2 31. Rd2 {[%emt 0:01:45] Weighted Error Value: White=0.11 (very precise) /Black=0.35.  Mistake:       	---       	Black=3      Inaccurate:     	White=2     	Black=1      OK:         	White=8     	Black=1      Best:        	White=3     	Black=5      Strong:       	---       	Black=1} 1-0

[Event "Fagernes Chess GM-Swiss 2024"]
[Site "Fagernes"]
[Date "2024.03.26"]
[Round "3.35"]
[White "Shehzad, Shazil"]
[Black "Amundsen, Ask"]
[Result "1-0"]
[ECO "A57"]
[WhiteElo "2301"]
[BlackElo "2069"]
[Annotator "RC"]
[PlyCount "101"]
[EventDate "2024.03.25"]
[EventType "swiss"]
[EventCountry "NOR"]
[SourceTitle "playchess.com"]
[Source "ChessBase"]
[SourceQuality "1"]
[TimeControl "40/6000+30:2400+30"]

1. d4 Nf6 2. Nf3 c5 3. d5 b5 4. c4 d6 5. cxb5 a6 6. e3 g6 7. Nc3 Bg7 8. a4 O-O 9. Bd2 Bb7 10. e4 e6 11. dxe6 fxe6 12. e5 dxe5 13. Bc4 Bd5 14. Qe2 e4 15. Ng5 axb5 16. Bxb5 Qb6 17. a5 Rxa5 18. Rxa5 Qxa5 19. O-O Qb6 20. Na4 Qd6 21. Be3 Nbd7 22. Rc1 Rc8 23. b4 c4 24. Nc5 Rb8 25. Bxc4 Rxb4 26. Qd2 Ng4 27. Bf4 Qxc5 28. Bxd5 Qxd5 29. Qxb4 Bf8 30. Qxe4 Bc5 31. Rf1 Nxf2 32. Qxd5 exd5 33. Rxf2 h6 34. Nf3 g5 35. Bd2 Bxf2+ 36. Kxf2 Kf7 37. Bc3 Nc5 38. Ke3 Ne6 39. Nd4 Nf4 40. g3 Ng6 41. Nf5 h5 42. Kd4 h4 43. g4 Nf4 44. Bd2 Nh3 45. Be3 Ke6 46. Nh6 Kf6 47. Kxd5 Nf4+ 48. Bxf4 gxf4 49. h3 f3 50. Nf5 f2 51. Ne3 1-0

[Event "Fagernes Chess GM-Swiss 2024"]
[Site "Fagernes"]
[Date "2024.03.26"]
[Round "3.36"]
[White "Melaa, Sondre"]
[Black "Lilliehook, Victor"]
[Result "1-0"]
[ECO "C54"]
[WhiteElo "2285"]
[BlackElo "2060"]
[Annotator "RC"]
[PlyCount "79"]
[EventDate "2024.03.25"]
[EventType "swiss"]
[EventCountry "NOR"]
[SourceTitle "playchess.com"]
[Source "ChessBase"]
[SourceQuality "1"]
[TimeControl "40/6000+30:2400+30"]

1. e4 e5 2. Nf3 Nc6 3. Bc4 Bc5 4. c3 Nf6 5. d3 d6 6. O-O a6 7. a4 O-O 8. Re1 Ba7 9. h3 h6 10. Nbd2 Re8 11. b4 Be6 12. Bxe6 Rxe6 13. Bb2 d5 14. Qc2 dxe4 15. dxe4 b5 16. Nb3 Qe8 17. Red1 bxa4 18. Nbd2 Ne7 19. Rxa4 Ng6 20. Rda1 Nf4 21. c4 Bd4 22. Bxd4 Ne2+ 23. Kh1 Nxd4 24. Nxd4 exd4 25. f3 Rb8 26. Nb3 Reb6 27. Qd2 Qe5 28. Nc5 a5 29. Nd3 Qe6 30. c5 Rb5 31. bxa5 Nd7 32. a6 Nxc5 33. Nxc5 Rxc5 34. Rxd4 Qe8 35. a7 Ra8 36. Rd7 Rc2 37. Qd5 Rc5 38. Qb7 Rc2 39. Rxc7 Rd2 40. Rxf7 1-0

[Event "Fagernes Chess GM-Swiss 2024"]
[Site "Fagernes"]
[Date "2024.03.26"]
[Round "3.37"]
[White "Al-Tarboush, Ward"]
[Black "Thangavel, Gokul"]
[Result "1-0"]
[ECO "B11"]
[WhiteElo "2277"]
[BlackElo "1990"]
[Annotator "RC"]
[PlyCount "131"]
[EventDate "2024.03.25"]
[EventType "swiss"]
[EventCountry "NOR"]
[SourceTitle "playchess.com"]
[Source "ChessBase"]
[SourceQuality "1"]
[TimeControl "40/6000+30:2400+30"]

1. e4 c6 2. Nf3 d5 3. Nc3 dxe4 4. Nxe4 Nf6 5. Nxf6+ exf6 6. Bc4 Qe7+ 7. Be2 Qc7 8. O-O Bd6 9. d4 O-O 10. Re1 c5 11. d5 Nd7 12. c4 Ne5 13. h3 Bd7 14. Be3 Rae8 15. Qd2 Re7 16. Nxe5 fxe5 17. Rad1 h6 18. b4 b6 19. bxc5 bxc5 20. Bh5 f5 21. Qc2 Kh7 22. Bc1 g6 23. Be2 e4 24. Bb2 f4 25. Bg4 Rfe8 26. Bf6 Rf7 27. Bc3 Bxg4 28. hxg4 Qe7 29. f3 e3 30. Rb1 Be5 31. Re2 Qf6 32. Bxe5 Rxe5 33. Qb2 Rg7 34. Qb8 h5 35. Qc8 Rge7 36. g5 Qd6 37. Qf8 Rd7 38. Qxf4 Rxd5 39. Qxd6 R5xd6 40. Rxe3 Rd4 41. Rc1 Rd2 42. Ra3 Re2 43. Rb1 Re5 44. Rb8 Rxg5 45. Ra8 Rd1+ 46. Kh2 Rf5 47. R3xa7+ Kh6 48. Re7 Rd4 49. Re4 Rf4 50. Re6 Rf7 51. Rg8 Rg7 52. Rh8+ Rh7 53. Rxh7+ Kxh7 54. Re4 Rd2 55. Re5 Rxa2 56. Rxc5 Kg7 57. Rc8 g5 58. c5 g4 59. Kg3 gxf3 60. gxf3 Ra3 61. c6 h4+ 62. Kg4 h3 63. c7 Rc3 64. Kg3 Kh7 65. Kh2 Kg7 66. f4 1-0

[Event "Fagernes Chess GM-Swiss 2024"]
[Site "Fagernes"]
[Date "2024.03.26"]
[Round "3.38"]
[White "Zheng, Harry Z"]
[Black "Krishnan, Ritvik"]
[Result "0-1"]
[ECO "C08"]
[WhiteElo "2077"]
[BlackElo "2277"]
[Annotator "RC"]
[PlyCount "164"]
[EventDate "2024.03.25"]
[EventType "swiss"]
[EventCountry "NOR"]
[SourceTitle "playchess.com"]
[Source "ChessBase"]
[SourceQuality "1"]
[TimeControl "40/6000+30:2400+30"]

1. e4 e6 2. d4 d5 3. Nd2 a6 4. Ngf3 c5 5. exd5 exd5 6. dxc5 Bxc5 7. Nb3 Be7 8. Bd3 Nf6 9. O-O O-O 10. Re1 Nc6 11. Nfd4 Bg4 12. f3 Bd7 13. Nf5 Bxf5 14. Bxf5 Re8 15. Be3 Qc7 16. g3 Bd6 17. Kg2 Rad8 18. c3 h6 19. Qd2 Ne5 20. Qf2 Nc4 21. Bd4 Be5 22. Nc5 Bxd4 23. cxd4 a5 24. h4 b6 25. Nd3 Rxe1 26. Rxe1 Re8 27. Rxe8+ Nxe8 28. Qe2 Nf6 29. Ne5 b5 30. Bd3 Qb6 31. b3 Nd6 32. Qe3 b4 33. Ng4 Nxg4 34. fxg4 Qb7 35. g5 hxg5 36. Qxg5 f6 37. Qh5 Qf7 38. Qe2 Kf8 39. h5 Qe7 40. Qd2 Ne4 41. Qf4 Nd6 42. h6 gxh6 43. Qxh6+ Qg7 44. Qc1 Qg5 45. Qe1 Nf5 46. Bxf5 Qxf5 47. Qd2 Kf7 48. Kh2 Qf3 49. Qc2 Qe4 50. Qc5 Kg6 51. Qa7 Qc2+ 52. Kh3 Qb1 53. g4 Qd3+ 54. Kh4 Qd2 55. Kg3 Qe3+ 56. Kg2 Qf4 57. Kh3 Qf3+ 58. Kh4 Qg2 59. Qb8 Qf2+ 60. Kh3 Qxd4 61. Qg8+ Kh6 62. Kg3 Qe3+ 63. Kg2 Qd3 64. Qh8+ Kg5 65. Qh5+ Kf4 66. Qh6+ Kxg4 67. Qg7+ Kh5 68. Qh8+ Kg5 69. Qg8+ Qg6 70. Qb8 Qe4+ 71. Kg1 Qb1+ 72. Kg2 Qxa2+ 73. Kh1 Qb1+ 74. Kg2 Qe4+ 75. Kg1 Qg4+ 76. Kh1 Qh3+ 77. Kg1 Qxb3 78. Qg8+ Kf4 79. Qb8+ Kf3 80. Qg8 Qd1+ 81. Kh2 Qd2+ 82. Kh1 Qh6+ 0-1

[Event "Fagernes Chess GM-Swiss 2024"]
[Site "Fagernes"]
[Date "2024.03.26"]
[Round "3.39"]
[White "Rasmussen, Casper"]
[Black "Aamodt, Peder Marcus"]
[Result "0-1"]
[ECO "E04"]
[WhiteElo "2244"]
[BlackElo "1941"]
[Annotator "RC"]
[PlyCount "54"]
[EventDate "2024.03.25"]
[EventType "swiss"]
[EventCountry "NOR"]
[SourceTitle "playchess.com"]
[Source "ChessBase"]
[SourceQuality "1"]
[TimeControl "40/6000+30:2400+30"]

1. Nf3 d5 2. d4 Nf6 3. c4 e6 4. g3 dxc4 5. Bg2 Nc6 6. Qa4 Bb4+ 7. Bd2 Nd5 8. Qc2 Nb6 9. Bxb4 Nxb4 10. Qc3 a5 11. O-O Bd7 12. Na3 O-O 13. Nxc4 Nxc4 14. Qxc4 Bc6 15. a3 Bd5 16. Qc3 Nc6 17. Rfd1 Qd6 18. Rac1 Rfd8 19. e3 Rac8 20. Ne1 Bxg2 21. Nxg2 a4 22. Qc4 Ne5 23. Qe2 Ng6 24. Qb5 Qa6 25. Qxa6 bxa6 26. Rc4 Rb8 27. Rd2 Ne5 0-1

[Event "Fagernes Chess GM-Swiss 2024"]
[Site "Fagernes"]
[Date "2024.03.26"]
[Round "3.40"]
[White "Evenshaug, Amadeus Hestvik"]
[Black "Skotheim, Andreas"]
[Result "1/2-1/2"]
[ECO "C73"]
[WhiteElo "2035"]
[BlackElo "2214"]
[Annotator "RC"]
[PlyCount "52"]
[EventDate "2024.03.25"]
[EventType "swiss"]
[EventCountry "NOR"]
[SourceTitle "playchess.com"]
[Source "ChessBase"]
[SourceQuality "1"]
[TimeControl "40/6000+30:2400+30"]

1. e4 e5 2. Nf3 Nc6 3. Bb5 a6 4. Ba4 Nf6 5. O-O d6 6. Bxc6+ bxc6 7. d4 exd4 8. Qxd4 Be7 9. Nc3 O-O 10. Bg5 h6 11. Bh4 Re8 12. Rfe1 c5 13. Qd3 Bb7 14. Rad1 Qc8 15. h3 Rb8 16. b3 Ba8 17. Nd5 Nxd5 18. exd5 g5 19. Bg3 Bb7 20. h4 Qd7 21. hxg5 hxg5 22. Re6 Kg7 23. Qc3+ Kh7 24. Qd3+ Kg7 25. Qc3+ Kh7 26. Qd3+ Kg7 1/2-1/2

[Event "Fagernes Chess GM-Swiss 2024"]
[Site "Fagernes"]
[Date "2024.03.26"]
[Round "3.41"]
[White "Akshit Kumar J"]
[Black "Gasland, Lukas Dominik"]
[Result "0-1"]
[ECO "B32"]
[WhiteElo "2172"]
[BlackElo "1985"]
[Annotator "RC"]
[PlyCount "80"]
[EventDate "2024.03.25"]
[EventType "swiss"]
[EventCountry "NOR"]
[SourceTitle "playchess.com"]
[Source "ChessBase"]
[SourceQuality "1"]
[TimeControl "40/6000+30:2400+30"]

1. e4 c5 2. Nf3 Nc6 3. d4 cxd4 4. Nxd4 e5 5. Nb5 a6 6. Nd6+ Bxd6 7. Qxd6 Qf6 8. Qd2 Qg6 9. Nc3 d5 10. Qg5 dxe4 11. Nd5 Rb8 12. Bc4 Nf6 13. O-O O-O 14. Nxf6+ gxf6 15. Qxg6+ hxg6 16. Be3 Rd8 17. c3 b5 18. Bb3 Be6 19. Bc2 f5 20. g3 Bc4 21. Rfd1 Kg7 22. h4 Be2 23. Rxd8 Rxd8 24. Re1 Bd3 25. Bb3 Rd7 26. Rd1 Na5 27. Bc2 Kf6 28. Kg2 Ke6 29. Bb3+ Bc4 30. Rxd7 Kxd7 31. Bb6 Nxb3 32. axb3 Bxb3 33. Be3 Bc4 34. h5 gxh5 35. Kh3 Kc6 36. Kh4 Be2 37. Kg5 Bg4 38. Kf6 Kd5 39. Kxf7 Kc4 40. Ke6 f4+ 0-1

[Event "Fagernes Chess GM-Swiss 2024"]
[Site "Fagernes"]
[Date "2024.03.26"]
[Round "3.42"]
[White "Juodziukynas, Aidas"]
[Black "Vijayakumar, Rishi"]
[Result "0-1"]
[ECO "D38"]
[WhiteElo "1893"]
[BlackElo "2156"]
[Annotator "RC"]
[PlyCount "56"]
[EventDate "2024.03.25"]
[EventType "swiss"]
[EventCountry "NOR"]
[SourceTitle "playchess.com"]
[Source "ChessBase"]
[SourceQuality "1"]
[TimeControl "40/6000+30:2400+30"]

1. d4 Nf6 2. c4 e6 3. Nf3 d5 4. Nc3 Bb4 5. Bg5 h6 6. Bxf6 Qxf6 7. e3 O-O 8. Qb3 Nc6 9. Be2 Rd8 10. O-O dxc4 11. Bxc4 Qe7 12. a3 Bd6 13. Qc2 e5 14. Rfe1 Bg4 15. Qe4 exd4 16. Nxd4 Qxe4 17. Nxe4 Ne5 18. Be2 Bxe2 19. Rxe2 c5 20. Nb3 b6 21. Rd1 Be7 22. Red2 Nc4 23. Rxd8+ Rxd8 24. Rb1 Rd3 25. Nc3 Nxb2 26. Rxb2 Rxc3 27. Kf1 c4 28. Nd2 Rc1+ 0-1

[Event "Fagernes Chess GM-Swiss 2024"]
[Site "Fagernes"]
[Date "2024.03.26"]
[Round "3.43"]
[White "Southcott-Moyers, Indy"]
[Black "Stai, Sondre"]
[Result "1/2-1/2"]
[ECO "D02"]
[WhiteElo "2120"]
[BlackElo "1842"]
[Annotator "RC"]
[PlyCount "93"]
[EventDate "2024.03.25"]
[EventType "swiss"]
[EventCountry "NOR"]
[SourceTitle "playchess.com"]
[Source "ChessBase"]
[SourceQuality "1"]
[TimeControl "40/6000+30:2400+30"]

1. d4 Nf6 2. Bf4 d5 3. e3 c5 4. Nf3 Nc6 5. Nbd2 Bf5 6. dxc5 Qa5 7. a3 Qxc5 8. c4 e6 9. b4 Qb6 10. c5 Qd8 11. Bb5 Nd7 12. Bxc6 bxc6 13. Nd4 Qc8 14. Nxf5 exf5 15. O-O Be7 16. Nb3 Nf8 17. Nd4 Qd7 18. Qd3 Ne6 19. Nxf5 Nxf4 20. exf4 O-O 21. Rac1 Rac8 22. Rfe1 Rfe8 23. g3 Bf8 24. Nd4 g6 25. Rxe8 Qxe8 26. Nf3 Bg7 27. Re1 Qd8 28. Ne5 a5 29. Qa6 Bxe5 30. fxe5 axb4 31. axb4 Qe8 32. Qd3 Rb8 33. Qd4 Qe6 34. Ra1 Qc8 35. Ra7 Rb7 36. Rxb7 Qxb7 37. Kg2 Qa6 38. Qg4 Qb7 39. h4 h5 40. Qd4 Qd7 41. Kf1 Qf5 42. Ke2 Kf8 43. Ke3 Qb1 44. Kf3 Ke7 45. Qf4 Qd3+ 46. Qe3 Qf5+ 47. Ke2 1/2-1/2

[Event "Fagernes Chess GM-Swiss 2024"]
[Site "Fagernes"]
[Date "2024.03.26"]
[Round "3.44"]
[White "Okuno Okuno, Rion"]
[Black "Andersen, Morten"]
[Result "0-1"]
[ECO "B32"]
[WhiteElo "1981"]
[BlackElo "2178"]
[Annotator "RC"]
[PlyCount "74"]
[EventDate "2024.03.25"]
[EventType "swiss"]
[EventCountry "NOR"]
[SourceTitle "playchess.com"]
[Source "ChessBase"]
[SourceQuality "1"]
[TimeControl "40/6000+30:2400+30"]

1. e4 c5 2. Nf3 Nc6 3. d4 cxd4 4. Nxd4 e5 5. Nb5 d6 6. N1c3 a6 7. Na3 b5 8. Nd5 Nge7 9. Bg5 h6 10. Be3 Nxd5 11. exd5 Ne7 12. c4 g6 13. cxb5 Bg7 14. Bc4 O-O 15. O-O Nf5 16. Nc2 Nxe3 17. Nxe3 f5 18. a4 e4 19. Kh1 f4 20. Nc2 axb5 21. Bxb5 Bxb2 22. Rb1 Qf6 23. Nb4 Bc3 24. Qb3 f3 25. g3 e3 26. Rfc1 Bd2 27. Rc2 Bxb4 28. Qxb4 Bf5 29. Qb2 Qxb2 30. Rcxb2 Bxb1 31. Rxb1 e2 32. h3 Rfb8 33. Re1 Rxb5 34. axb5 Rb8 35. Kh2 Rxb5 36. g4 Rxd5 37. Kg3 Rd1 0-1

[Event "Fagernes Chess GM-Swiss 2024"]
[Site "Fagernes"]
[Date "2024.03.26"]
[Round "3.45"]
[White "Kaewpitakkun, Pantham"]
[Black "Gandrud, Vegar Koi"]
[Result "1-0"]
[ECO "B90"]
[WhiteElo "1989"]
[BlackElo "2293"]
[Annotator "RC"]
[PlyCount "111"]
[EventDate "2024.03.25"]
[EventType "swiss"]
[EventCountry "NOR"]
[SourceTitle "playchess.com"]
[Source "ChessBase"]
[SourceQuality "1"]
[TimeControl "40/6000+30:2400+30"]

1. e4 c5 2. Nf3 d6 3. d4 cxd4 4. Nxd4 Nf6 5. Nc3 a6 6. Rg1 b5 7. a4 b4 8. Nd5 e6 9. Nxf6+ Qxf6 10. b3 Bb7 11. Bb2 e5 12. Ne2 Bxe4 13. Ng3 Bb7 14. Qd2 d5 15. O-O-O Nd7 16. f4 Qxf4 17. Qxf4 exf4 18. Nh5 f6 19. Nxf4 Bc5 20. Bd4 Bd6 21. g3 Nc5 22. Bg2 Rc8 23. Kb2 Bxf4 24. gxf4 Kf7 25. Bf2 Rhd8 26. Rd4 a5 27. Rgd1 Ne6 28. Bxd5 Bxd5 29. Rxd5 Rxd5 30. Rxd5 Nxf4 31. Rxa5 Ke6 32. Ra7 Rd8 33. Be1 Nd5 34. Rxg7 f5 35. Rxh7 f4 36. Rb7 f3 37. Bf2 Rg8 38. a5 Nc3 39. Rxb4 Nd1+ 40. Ka2 Nxf2 41. Rf4 Kd5 42. Rxf3 Ne4 43. h4 Rg2 44. Kb2 Rh2 45. Rf5+ Kc6 46. Rh5 Nc5 47. b4 Nd3+ 48. Kc3 Nxb4 49. Kxb4 Rxc2 50. Rh7 Ra2 51. a6 Ra1 52. a7 Kd6 53. h5 Rb1+ 54. Kc3 Ra1 55. h6 Ke6 56. Rb7 1-0

[Event "Fagernes Chess GM-Swiss 2024"]
[Site "Fagernes"]
[Date "2024.03.26"]
[Round "3.46"]
[White "Myagmarsuren, Evsuld"]
[Black "Bech, Havard Eriksen"]
[Result "1-0"]
[ECO "B10"]
[WhiteElo "2138"]
[BlackElo "1951"]
[Annotator "RC"]
[PlyCount "59"]
[EventDate "2024.03.25"]
[EventType "swiss"]
[EventCountry "NOR"]
[SourceTitle "playchess.com"]
[Source "ChessBase"]
[SourceQuality "1"]
[TimeControl "40/6000+30:2400+30"]

1. e4 c6 2. c4 d5 3. exd5 cxd5 4. cxd5 Nf6 5. Nc3 Nxd5 6. Nf3 Nc6 7. Bb5 g6 8. Qa4 Qd6 9. O-O Bg7 10. Re1 O-O 11. d4 Nb6 12. Qd1 Nxd4 13. Nxd4 Bxd4 14. Bg5 Be6 15. Ne4 Qb4 16. Bxe7 Bxf2+ 17. Kxf2 Qxe7 18. Qd4 Qh4+ 19. Kg1 f5 20. g3 Qd8 21. Nd6 Bd5 22. Ne8 Rf7 23. Rad1 Qg5 24. a4 f4 25. Re5 Qg4 26. Nd6 Rf6 27. Rxd5 Nxd5 28. Qxd5+ Kf8 29. Qd4 Qe6 30. Ne4 1-0

[Event "Fagernes Chess GM-Swiss 2024"]
[Site "Fagernes"]
[Date "2024.03.26"]
[Round "3.47"]
[White "Valcu, Lavinia"]
[Black "Skramstad, Oda Kofoed"]
[Result "0-1"]
[ECO "A45"]
[WhiteElo "2070"]
[BlackElo "1945"]
[Annotator "NA RC"]
[PlyCount "134"]
[EventDate "2024.03.25"]
[EventType "swiss"]
[EventCountry "NOR"]
[SourceTitle "playchess.com"]
[Source "ChessBase"]
[SourceQuality "1"]
[TimeControl "40/6000+30:2400+30"]

1. d4 Nf6 2. Bf4 g6 3. Nc3 d5 4. e3 c6 5. h4 Bg7 6. Bd3 Nbd7 7. Nf3 O-O 8. Ne5 Nxe5 9. Bxe5 h5 10. Ne2 Qb6 11. b3 c5 12. c3 Bd7 13. Nf4 Rac8 14. Qd2 cxd4 15. exd4 Qc6 16. Rc1 Rfe8 17. f3 Nh7 18. Bxg7 Kxg7 19. Kf2 e5 20. dxe5 Rxe5 21. Ne2 Qb6+ 22. Nd4 Nf8 23. Kg3 Qd6 24. Kf2 Qb6 25. Qf4 Ree8 26. Kg3 Qa5 27. a4 Ne6 28. Nxe6+ Bxe6 29. Qd4+ Kh7 30. Rc2 Qc7+ 31. Kf2 Qc5 32. Qxc5 Rxc5 33. Rhc1 Kg7 34. b4 Rc7 35. Bb5 Rec8 36. Ke3 Kf6 37. Kd4 Bf5 38. Bd3 Rc4+ 39. Bxc4 Rxc4+ 40. Ke3 d4+ 41. Kd2 Bxc2 42. Rxc2 dxc3+ 43. Kd3 Rxb4 44. Kxc3 Rxa4 45. Rb2 b6 46. Rd2 Rxh4 47. Rd7 Ra4 48. Kb3 Ra5 49. Rc7 Rb5+ 50. Ka4 Rb2 51. g4 hxg4 52. fxg4 a5 53. g5+ Kxg5 54. Rxf7 Rb4+ 55. Ka3 Rf4 56. Rb7 Rf6 57. Kb3 Kg4 58. Kc4 g5 59. Kd4 Kf4 60. Kd3 Kf3 61. Kd4 g4 62. Ke5 Rh6 63. Rc7 g3 64. Rc3+ Kg2 65. Kf4 Rg6 66. Rc1 Kh2 67. Kf3 g2 0-1

[Event "Fagernes Chess GM-Swiss 2024"]
[Site "Fagernes"]
[Date "2024.03.26"]
[Round "3.48"]
[White "Holand, Per Fredrik"]
[Black "Lien, Sebastian"]
[Result "1-0"]
[ECO "D05"]
[WhiteElo "2068"]
[BlackElo "1885"]
[Annotator "NA RC"]
[PlyCount "95"]
[EventDate "2024.03.25"]
[EventType "swiss"]
[EventCountry "NOR"]
[SourceTitle "playchess.com"]
[Source "ChessBase"]
[SourceQuality "1"]
[TimeControl "40/6000+30:2400+30"]

1. d4 d5 2. Nf3 Nf6 3. e3 e6 4. Bd3 Be7 5. O-O O-O 6. b3 b6 7. Bb2 Bb7 8. Ne5 c5 9. Nd2 Nc6 10. Nxc6 Bxc6 11. Qf3 c4 12. bxc4 dxc4 13. Qxc6 cxd3 14. c4 Rc8 15. Qb5 Qd6 16. Qb3 Qb4 17. Rfd1 e5 18. Bc3 Qxb3 19. axb3 exd4 20. exd4 a5 21. Nf3 Ne4 22. Rxd3 Nxc3 23. Rxc3 Rfd8 24. Kf1 f6 25. Ke2 Kf7 26. Re3 Bb4 27. Kd3 Rd7 28. d5 b5 29. Nd4 bxc4+ 30. bxc4 g6 31. Re6 Rdc7 32. Rc6 h5 33. Rxc7+ Rxc7 34. Nc6 Bc5 35. Rxa5 Bxf2 36. c5 g5 37. Kc4 f5 38. Ra6 f4 39. d6 Rc8 40. d7 Rxc6 41. d8=N+ Kg7 42. Nxc6 g4 43. Ne5 Bg1 44. c6 Bxh2 45. c7 f3 46. Rg6+ Kh7 47. c8=Q Bxe5 48. Qg8# 1-0

[Event "Fagernes Chess GM-Swiss 2024"]
[Site "Fagernes"]
[Date "2024.03.26"]
[Round "3.49"]
[White "Elsness, Fredrik Valstad"]
[Black "Joel Paul Ganta"]
[Result "1-0"]
[ECO "B81"]
[WhiteElo "1873"]
[BlackElo "1993"]
[Annotator "NA RC"]
[PlyCount "63"]
[EventDate "2024.03.25"]
[EventType "swiss"]
[EventCountry "NOR"]
[SourceTitle "playchess.com"]
[Source "ChessBase"]
[SourceQuality "1"]
[TimeControl "40/6000+30:2400+30"]

1. e4 c5 2. Nf3 d6 3. d4 cxd4 4. Nxd4 Nf6 5. Nc3 a6 6. h3 e6 7. g4 b5 8. g5 Nfd7 9. Bg2 Bb7 10. a4 bxa4 11. Rxa4 Nc6 12. O-O Be7 13. Be3 Nc5 14. Nxc6 Bxc6 15. Rc4 Bb5 16. Nxb5 axb5 17. Rd4 $14 (17. Rb4 $142) 17... Qc7 18. Qe2 O-O 19. f4 Ra2 20. Rb4 Rc8 21. f5 d5 22. exd5 exf5 23. Rxf5 Ra1+ 24. Rf1 Rxf1+ 25. Qxf1 Ne6 26. Rxb5 Qe5 27. Qf2 Bxg5 28. dxe6 Qxb5 29. Qxf7+ Kh8 30. Bd4 Bh6 31. e7 Qb8 32. Be5 1-0

[Event "Fagernes Chess GM-Swiss 2024"]
[Site "Fagernes"]
[Date "2024.03.26"]
[Round "3.50"]
[White "Sachi Jain"]
[Black "Avetisyan, Ani"]
[Result "0-1"]
[ECO "B10"]
[WhiteElo "1992"]
[BlackElo "1840"]
[Annotator "NA RC"]
[PlyCount "38"]
[EventDate "2024.03.25"]
[EventType "swiss"]
[EventCountry "NOR"]
[SourceTitle "playchess.com"]
[Source "ChessBase"]
[SourceQuality "1"]
[TimeControl "40/6000+30:2400+30"]

1. e4 c6 2. Nf3 d5 3. d3 Bg4 4. h3 Bh5 5. Nbd2 e6 6. g4 Bg6 7. h4 dxe4 8. h5 Bxh5 9. Ne5 Bg6 10. Nxg6 fxg6 11. Nxe4 Nf6 12. Bg2 Nxe4 13. Bxe4 Qf6 14. g5 Qf7 15. d4 Nd7 $11 16. c3 Bd6 17. Qd3 O-O-O 18. Rxh7 Rxh7 19. Bxg6 Rh1+ 0-1

[Event "Fagernes Chess GM-Swiss 2024"]
[Site "Fagernes"]
[Date "2024.03.27"]
[Round "4.1"]
[White "Gorshtein, Ido"]
[Black "Jumabayev, Rinat"]
[Result "1/2-1/2"]
[ECO "D35"]
[WhiteElo "2539"]
[BlackElo "2598"]
[Annotator "TA"]
[PlyCount "28"]
[EventDate "2024.03.25"]
[EventType "swiss"]
[EventCountry "NOR"]
[SourceTitle "playchess.com"]
[Source "ChessBase"]
[SourceQuality "1"]
[TimeControl "40/6000+30:2400+30"]

1. d4 Nf6 2. c4 e6 3. Nf3 d5 4. Nc3 Nbd7 5. cxd5 exd5 6. Bg5 c6 7. e3 Be7 8. Bd3 Ne4 9. Bxe7 Qxe7 10. Bxe4 dxe4 11. Nd2 Nf6 12. O-O O-O {[%emt 0:01:17] [#]} 13. b4 $1 Qxb4 14. Ndxe4 Nxe4 {[%emt 0:09:58] White took control after the opening.   Weighted Error Value: White=0.03 (flawless) /Black=0.12 (very precise) .  OK:         	White=1     	Black=1} 1/2-1/2